Map: Abyssal Reef LE

Players

MaNa - Winner!

  • Race: Protoss Protoss
  • Spawn Location: 5:00

TLO

  • Race: Zerg Zerg
  • Spawn Location: 11:00

Event: WCS Montreal 2017

VOD

Have the link to the VOD?

Description

Time

  • Played on: Sept. 8, 2017, 12:13 p.m.
  • Length: 18:30

All games in this series

Show
View Real Time Build Order
Export as new Build Order

MaNa Protoss - Winner!

Build Orders: 1 Gate Expand, Oracle Opening 

Get SALT Encoding   

  12  0:00  Probe (Chrono Boost)  
  13  0:11  Probe (Chrono Boost)  
  14  0:18  Pylon  
  14  0:22  Probe (Chrono Boost)  
  15  0:36  Probe (Chrono Boost)  
  15  0:40  Gateway  
  16  0:47  Probe (Chrono Boost)  
  17  0:50  Assimilator  
  17  0:57  Probe (Chrono Boost)  
  18  1:08  Probe (Chrono Boost)  
  19  1:18  Probe (Chrono Boost)  
  20  1:26  Nexus  
  20  1:35  Cybernetics Core  
  20  1:38  Probe (Chrono Boost)  
  21  1:43  Assimilator  
  21  1:49  Probe (Chrono Boost)  
  22  1:54  Pylon  
  22  1:59  Probe (Chrono Boost)  
  23  2:12  Probe (Chrono Boost), Adept (Chrono Boost)  
  26  2:21  Stargate  
  26  2:24  Probe  
  27  2:34  Warp Gate  
  27  2:36  Probe  
  30  2:37  Adept (Chrono Boost)  
  30  2:40  Pylon  
  30  2:41  Probe  
  32  2:53  Gateway  
  32  2:55  Probe (Chrono Boost)  
  32  2:57  Probe (Chrono Boost)  
  32  3:03  Oracle  
  32  3:09  Probe (Chrono Boost)  
  36  3:13  Probe (Chrono Boost)  
  36  3:16  Adept (Chrono Boost)  
  36  3:19  Probe (Chrono Boost)  
  38  3:26  Probe (Chrono Boost)  
  39  3:28  Pylon  
  39  3:31  Probe (Chrono Boost)  
  40  3:38  Probe (Chrono Boost)  
  41  3:41  Void Ray (Chrono Boost)  
  41  3:43  Probe (Chrono Boost)  
  47  3:48  Probe (Chrono Boost)  
  47  3:53  Pylon  
  47  3:54  Probe (Chrono Boost)  
  48  3:58  Probe (Chrono Boost)  
  48  4:02  Assimilator  
  49  4:05  Stargate  
  49  4:10  Probe  
  49  4:11  Assimilator, Pylon  
  49  4:12  Probe  
  49  4:16  Pylon  
  51  4:23  Probe  
  51  4:25  Probe  
  51  4:30  Oracle (Chrono Boost)  
  56  4:34  Probe  
  56  4:37  Probe, Adept  
  56  4:38  Adept  
  62  4:44  Probe  
  62  4:49  Probe  
  67  4:55  Oracle (Chrono Boost)  
  67  5:02  Adept x2  
  66  5:07  Probe  
  66  5:09  Probe  
  66  5:13  Pylon  
  68  5:18  Probe  
  69  5:21  Probe  
  73  5:28  Nexus, Oracle (Chrono Boost)  
  73  5:29  Probe  
  73  5:33  Probe  
  73  5:34  Adept x2  
  79  5:39  Probe  
  79  5:41  Oracle (Chrono Boost)  
  83  5:45  Probe  
  84  5:50  Probe  
  84  5:55  Pylon  
  85  5:57  Pylon  
  85  6:05  Oracle (Chrono Boost)  
  85  6:06  Pylon  
  84  6:14  Mothership Core, Adept x2, Oracle (Chrono Boost)  
  93  6:20  Probe  
  93  6:25  Twilight Council  
  94  6:28  Gateway  
  94  6:32  Probe  
  92  6:35  Probe  
  92  6:36  Adept x2  
  92  6:38  Probe  
  95  6:44  Probe  
  89  6:47  Probe  
  89  6:49  Probe  
  88  6:56  Probe  
  89  7:02  Adept, Oracle x2 (Chrono Boost)  
  89  7:05  Probe, Gateway  
  89  7:06  Probe, Gateway  
  93  7:09  Probe, Gateway  
  93  7:10  Gateway  
  92  7:15  Assimilator  
  92  7:17  Assimilator, Resonating Glaives (Chrono Boost)  
  92  7:18  Probe  
  92  7:20  Probe  
  94  7:29  Probe, Adept x2  
  98  7:30  Probe  
  98  7:32  Oracle (Chrono Boost)  
  98  7:35  Oracle (Chrono Boost)  
  106  7:47  Forge  
  106  7:48  Pylon  
  106  7:49  Adept x2  
  110  7:53  Pylon  
  110  7:59  Pylon  
  110  8:06  Phoenix (Chrono Boost)  
  110  8:09  Phoenix (Chrono Boost)  
  110  8:10  Pylon  
  114  8:16  Probe x2  
  114  8:17  Adept x2  
  120  8:21  Photon Cannon x2  
  120  8:22  Photon Cannon  
  120  8:24  Protoss Ground Weapons Level 1  
  120  8:27  Adept x2  
  120  8:31  Oracle  
  104  8:49  Adept x6  
  104  8:51  Oracle  
  119  8:58  Templar Archives  
  119  9:06  Nexus  
  119  9:15  Adept x2  
  119  9:16  Adept x4  
  131  9:18  Probe x2  
  131  9:22  Psionic Storm  
  133  9:24  Oracle  
  133  9:25  Oracle  
  139  10:00  High Templar x3  
  139  10:01  High Templar  
  139  10:02  Zealot x2  
  151  10:12  Robotics Facility  
  151  10:17  Probe  
  151  10:19  Probe x3  
  155  10:24  Protoss Ground Weapons Level 2  
  155  10:26  Forge  
  155  10:28  Robotics Facility  
  155  10:30  Charge  
  155  10:40  High Templar, Zealot x5  
  167  10:54  Assimilator  
  167  10:58  Assimilator  
  167  11:02  Pylon  
  167  11:03  Pylon  
  163  11:06  Zealot x4  
  163  11:10  Fleet Beacon  
  171  11:20  Warp Prism  
  138  11:44  High Templar x2  
  138  11:45  High Templar x4  
  150  11:51  Tempest  
  150  11:53  Archon x2  
  150  11:54  Archon  
  150  11:56  Photon Cannon x2  
  150  11:58  Photon Cannon  
  148  12:03  Immortal x2 (Chrono Boost)  
  150  12:10  Protoss Ground Armor Level 1  
  150  12:13  Tempest  
  150  12:23  Sentry  
  152  12:36  Stargate  
  152  12:40  Tempest  
  152  12:41  Nexus, Immortal (Chrono Boost)  
  158  12:53  Photon Cannon  
  158  12:56  Photon Cannon  
  158  12:57  Nexus  
  158  12:59  Photon Cannon  
  158  13:01  Zealot x5  
  158  13:02  Zealot  
  158  13:03  Tempest (Chrono Boost)  
  174  13:15  Photon Cannon  
  168  13:22  Tempest (Chrono Boost)  
  168  13:23  Tempest (Chrono Boost)  
  168  13:30  Protoss Ground Weapons Level 3  
  164  13:38  Zealot x6  
  160  14:22  Zealot x2  
  160  14:23  Zealot  
  152  14:27  Immortal (Chrono Boost)  
  152  14:30  Observer (Chrono Boost)  
  121  14:37  Zealot  
  123  14:43  Zealot x3  
  119  14:51  Immortal (Chrono Boost)  
  111  15:04  Immortal (Chrono Boost)  
  111  15:06  High Templar x4  
  123  15:08  Nexus  
  123  15:09  Carrier x3 (Chrono Boost)  
  123  15:10  Archon x2  
  141  15:29  Pylon  
  141  15:31  Pylon  
  141  15:32  Pylon  
  141  15:38  Pylon  
  141  15:39  Pylon  
  141  15:43  Observer  
  141  15:46  Cybernetics Core  
  138  15:51  Cybernetics Core  
  138  15:53  Gateway  
  138  15:54  High Templar x4, Gateway  
  146  15:58  Archon  
  146  15:59  Archon  
  146  16:09  Nexus  
  136  16:20  Immortal x2  
  144  16:27  High Templar, Zealot x3  
  137  16:48  Nexus  
  137  16:49  Protoss Air Weapons Level 1 (Chrono Boost)  
  137  16:51  Zealot x4  
  137  16:52  Zealot  
  147  16:57  Pylon  
  147  17:02  Warp Prism  
  147  17:03  Stalker  
  147  17:06  Graviton Catapult  
  151  17:10  Pylon  
  151  17:13  Zealot  
  151  17:14  Zealot  
  155  17:18  Zealot  
  155  17:20  Stalker  
  155  17:21  Stalker  
  159  17:25  Oracle  
  160  17:47  Zealot x6  
  170  18:08  Zealot  
  170  18:09  Zealot x5  
  132  18:29  Zealot x4  
Show
View Real Time Build Order
Export as new Build Order

TLO Zerg 

Build Orders: Hatch First, Brood Lord Corruptor 

Get SALT Encoding   

  12  0:00  Drone  
  13  0:14  Overlord  
  13  0:17  Drone  
  14  0:32  Drone x2  
  16  0:44  Drone  
  17  0:53  Hatchery  
  17  0:56  Drone  
  17  0:59  Drone  
  17  1:01  Extractor  
  17  1:16  Spawning Pool  
  16  1:19  Drone  
  17  1:26  Drone  
  17  1:30  Drone  
  19  1:41  Overlord  
  19  2:02  Queen, Metabolic Boost  
  19  2:04  Zergling x4  
  19  2:05  Zergling x2  
  24  2:12  Queen  
  26  2:16  Drone  
  26  2:18  Drone  
  28  2:23  Drone  
  28  2:26  Drone  
  30  2:34  Drone  
  30  2:36  Drone  
  32  2:42  Queen  
  34  2:44  Zergling x2  
  34  2:51  Overlord  
  35  2:56  Drone  
  36  2:59  Overlord  
  36  3:02  Extractor  
  35  3:06  Zergling x2  
  35  3:10  Overlord  
  35  3:11  Drone  
  35  3:12  Drone x2  
  39  3:19  Drone  
  38  3:20  Drone  
  38  3:23  Drone x3  
  38  3:26  Spore Crawler  
  41  3:28  Drone  
  42  3:34  Drone  
  43  3:42  Hatchery  
  43  3:43  Drone  
  43  3:44  Drone  
  44  3:50  Drone  
  44  3:53  Drone  
  44  3:55  Overlord  
  46  3:56  Drone  
  46  3:59  Drone  
  46  4:00  Drone x2  
  50  4:05  Spore Crawler, Overlord  
  49  4:10  Drone  
  49  4:14  Spore Crawler, Zergling x4  
  51  4:21  Zergling x2  
  51  4:24  Zergling x2  
  53  4:28  Baneling Nest  
  52  4:32  Drone  
  52  4:33  Evolution Chamber  
  52  4:34  Drone, Zergling x2  
  52  4:35  Drone  
  56  4:39  Drone x2  
  56  4:40  Drone  
  56  4:41  Overlord  
  59  4:46  Drone  
  59  4:51  Drone  
  61  4:54  Drone  
  61  4:59  Drone  
  62  5:00  Drone  
  62  5:01  Drone  
  62  5:02  Drone x2  
  62  5:03  Drone x2  
  62  5:04  Overlord  
  62  5:05  Drone  
  68  5:09  Zerg Missile Weapons Level 1  
  68  5:10  Lair  
  68  5:11  Drone  
  68  5:13  Extractor, Overlord  
  68  5:16  Overlord  
  68  5:21  Overlord  
  68  5:23  Drone  
  67  5:31  Drone  
  67  5:33  Drone  
  67  5:34  Drone  
  67  5:37  Zergling x2  
  67  5:38  Zergling x2  
  67  5:39  Drone  
  67  5:40  Drone  
  67  5:41  Drone  
  71  5:42  Drone  
  71  5:43  Drone  
  71  5:46  Drone  
  71  5:47  Drone  
  71  5:50  Drone  
  71  5:51  Queen  
  71  5:52  Extractor x2  
  71  5:57  Overlord  
  71  5:58  Drone  
  71  5:59  Drone x2  
  71  6:00  Drone x2  
  75  6:06  Drone  
  75  6:08  Drone  
  75  6:09  Spore Crawler  
  75  6:10  Spore Crawler  
  74  6:11  Drone  
  74  6:13  Queen  
  74  6:14  Infestation Pit  
  74  6:18  Extractor x2, Drone  
  76  6:20  Zergling x2  
  76  6:23  Drone  
  76  6:24  Drone x3  
  80  6:26  Drone  
  80  6:27  Drone x2  
  80  6:29  Drone  
  80  6:32  Queen, Zergling x2  
  86  6:34  Zergling x2  
  86  6:39  Drone  
  86  6:42  Zergling x2  
  86  6:44  Queen  
  84  6:47  Zergling x2  
  84  6:49  Queen  
  84  6:50  Zergling x2  
  85  6:54  Drone  
  85  6:57  Zergling x2  
  85  6:58  Zergling x2  
  82  7:02  Drone  
  82  7:04  Drone  
  82  7:08  Queen, Drone  
  87  7:09  Drone  
  87  7:12  Drone  
  87  7:14  Drone  
  90  7:28  Hydralisk Den  
  90  7:29  Pathogen Glands  
  89  7:36  Spore Crawler  
  88  7:39  Spore Crawler, Pneumatized Carapace  
  88  7:40  Zerg Missile Weapons Level 2  
  88  7:41  Overlord x2  
  88  7:43  Overlord  
  87  7:47  Overlord  
  87  7:59  Queen, Infestor x4  
  87  8:02  Zergling x6  
  100  8:06  Hydralisk  
  100  8:07  Hydralisk  
  100  8:09  Hydralisk  
  100  8:11  Hatchery  
  105  8:13  Hydralisk  
  105  8:14  Hydralisk  
  105  8:16  Hydralisk  
  111  8:20  Hydralisk  
  111  8:21  Spore Crawler  
  111  8:24  Hydralisk  
  114  8:33  Hydralisk x2  
  110  8:34  Hydralisk x2  
  110  8:38  Hydralisk  
  110  8:39  Hydralisk  
  111  8:46  Hydralisk  
  113  8:48  Overlord  
  113  8:50  Overlord  
  113  8:53  Overlord  
  113  8:56  Overlord  
  113  8:59  Hatchery  
  113  9:01  Muscular Augments  
  112  9:06  Overlord  
  112  9:07  Hydralisk  
  114  9:13  Drone, Hydralisk x2  
  114  9:16  Hydralisk  
  120  9:17  Hydralisk  
  120  9:20  Hydralisk  
  124  9:25  Hydralisk  
  124  9:26  Hydralisk  
  128  9:33  Hydralisk  
  128  9:34  Hydralisk x2  
  128  9:35  Zergling x2  
  135  9:38  Drone x2  
  135  9:41  Zergling x2  
  136  9:46  Hydralisk  
  136  9:47  Hydralisk  
  140  9:53  Hive  
  140  9:56  Spire, Hydralisk  
  137  10:01  Burrow, Hydralisk  
  137  10:03  Hydralisk  
  137  10:06  Hydralisk  
  143  10:07  Zergling x2  
  143  10:11  Zergling x6  
  143  10:13  Drone x2  
  149  10:15  Zergling x2  
  149  10:21  Hydralisk x3  
  150  10:22  Hydralisk  
  158  10:30  Overlord  
  158  10:31  Drone  
  158  10:32  Overlord x2  
  158  10:33  Overlord  
  159  10:38  Overlord  
  159  10:44  Overlord  
  159  10:46  Zergling x2  
  159  10:47  Overlord  
  159  10:48  Drone  
  159  10:49  Drone  
  161  10:58  Drone  
  161  10:59  Drone  
  161  11:00  Extractor, Drone x2  
  160  11:08  Greater Spire  
  159  11:13  Corruptor  
  159  11:14  Corruptor x3  
  167  11:25  Corruptor  
  167  11:38  Corruptor  
  159  11:44  Extractor  
  159  11:46  Corruptor  
  160  11:48  Corruptor  
  160  11:49  Corruptor  
  164  11:54  Drone  
  164  11:57  Zergling x2  
  164  12:00  Zergling x2  
  164  12:01  Zergling x6  
  157  12:02  Zergling x2  
  157  12:03  Zergling x2  
  157  12:05  Zergling x2  
  157  12:06  Zergling x4  
  157  12:07  Zergling x2  
  162  12:09  Zergling x2  
  162  12:10  Zergling x4  
  163  12:18  Drone x2  
  163  12:19  Drone x2  
  164  12:24  Brood Lord x5  
  164  12:25  Brood Lord x2  
  164  12:27  Corruptor  
  164  12:28  Corruptor  
  182  12:31  Overseer  
  182  12:34  Zergling x2  
  182  12:35  Zergling x4  
  182  12:36  Queen x2  
  189  12:40  Zergling x4  
  189  12:42  Zergling x6  
  189  12:43  Zergling x2  
  195  12:45  Hatchery, Zergling x2  
  195  12:47  Zergling x2  
  195  12:48  Zergling x4  
  192  12:52  Brood Lord  
  192  12:57  Brood Lord  
  196  13:01  Overlord x2  
  196  13:03  Zergling x4  
  196  13:05  Zergling x2  
  197  13:08  Zergling x2  
  197  13:10  Hydralisk x2  
  195  13:16  Hydralisk x2  
  195  13:17  Hydralisk  
  190  13:26  Hydralisk x2  
  187  13:27  Zergling x4  
  187  13:30  Hydralisk  
  187  13:31  Zergling x2  
  187  13:33  Hydralisk  
  196  13:39  Corruptor  
  198  13:47  Overlord  
  198  13:48  Overseer  
  196  13:57  Hydralisk  
  196  14:00  Hydralisk x3  
  196  14:06  Zergling x4  
  192  14:14  Zergling x4  
  170  14:17  Zergling x2  
  170  14:18  Zergling x2  
  170  14:21  Zergling x2  
  170  14:23  Zergling x6  
  170  14:24  Zergling x4  
  160  14:25  Zergling x2  
  160  14:26  Zergling x2  
  160  14:27  Zergling x2  
  160  14:28  Zergling x6  
  160  14:30  Zergling x2, Hydralisk  
  154  14:31  Hydralisk x3  
  154  14:34  Hydralisk  
  154  14:37  Zergling x4  
  150  14:41  Zergling x2  
  150  14:44  Hydralisk  
  136  14:46  Hydralisk x2  
  130  14:56  Corruptor x2  
  130  14:57  Drone  
  125  15:00  Zerg Missile Weapons Level 3  
  125  15:02  Drone  
  125  15:03  Drone x2  
  125  15:04  Drone x2  
  130  15:07  Zergling x2  
  130  15:08  Corruptor  
  130  15:09  Corruptor  
  130  15:13  Corruptor  
  137  15:17  Corruptor  
  139  15:21  Corruptor  
  139  15:25  Lurker Den  
  141  15:30  Drone x2  
  141  15:31  Drone  
  141  15:34  Extractor  
  143  15:36  Extractor  
  143  15:42  Zergling x4  
  144  15:43  Zergling x2  
  144  15:44  Zergling x2  
  144  15:48  Zergling x2  
  144  15:49  Zergling x2  
  149  15:50  Zergling x2  
  149  15:51  Zergling x4  
  149  15:52  Zergling x2  
  149  15:53  Zergling x2  
  149  15:56  Zergling x6  
  156  15:59  Zergling x2, Hatchery  
  156  16:01  Zergling x2  
  156  16:02  Zergling x2  
  156  16:03  Zergling x2  
  145  16:15  Zergling x2  
  145  16:16  Zergling x4  
  145  16:17  Zergling x2  
  145  16:18  Zergling x2  
  134  16:20  Zergling x2  
  134  16:22  Hydralisk x2  
  134  16:23  Corruptor x2  
  140  16:28  Corruptor  
  136  16:38  Hydralisk x4  
  136  16:39  Hydralisk  
  123  16:42  Hydralisk  
  123  16:44  Queen x2  
  123  16:46  Hydralisk x2  
  131  16:49  Hydralisk  
  131  16:51  Zergling x2  
  134  16:55  Hydralisk x2  
  134  16:59  Queen  
  134  17:01  Hydralisk x2  
  140  17:07  Lurker x5  
  149  17:08  Lurker  
  149  17:10  Lurker x2  
  149  17:14  Hydralisk x2  
  155  17:16  Hydralisk  
  155  17:20  Hydralisk  
  157  17:26  Hydralisk x2  
  157  17:27  Hydralisk  
  157  17:28  Zergling x2  
  163  17:32  Hydralisk  
  163  17:33  Hydralisk  
  163  17:36  Zergling x2  
  163  17:37  Zergling x2  
  167  17:38  Hydralisk  
  167  17:41  Overseer  
  167  17:42  Overseer  
  169  17:45  Zergling x2  
  169  17:47  Zergling x2  
  169  17:48  Hydralisk  
  173  17:55  Hydralisk x2  
  176  17:59  Hydralisk x2  
  176  18:01  Hydralisk  
  176  18:03  Hydralisk  
  159  18:06  Hydralisk  
Tags
 
Add a new tag
Caveats
  • Supply blocks, unpowered buildings, or Contaminate may cause inaccurate times.
  • Supply counts are checked every 10 seconds.